 Dungeon Crawl Stone Soup version 0.31-a0-986-g5e6e4ef867 (webtiles) character file.

Game seed: 17893686761403541420

121 wingedge the Insei (level 5, -2/63 HPs)
             Began as a Human Wanderer on Nov 10, 2023.
             Slain by a kobold
             ... wielding a +0 whip
              (4 damage)
             ... on level 2 of the Dungeon.
             The game lasted 00:06:14 (2264 turns).

wingedge the Insei (Human Wanderer)                 Turns: 2264, Time: 00:06:15

Health: -2/63      AC:  2    Str: 11    XL:     5   Next: 26%
Magic:  2/6        EV: 10    Int: 16    God:
Gold:   49         SH:  4    Dex: 12    Spells: 5/6 levels left

rFire   . .          .
                       - Unarmed
rCold   . . .        c - +0 buckler
rNeg    . . .        d - +0 robe
rPois   .            (no helmet)
rElec   .            i - scarf {shadows}
rCorr   .            (no gloves)
SInv    +            (no boots)
Will    .....        (no amulet) Stlth
                     s - ring of see invisible
HPRegen 0.30/turn    (no ring)
MPRegen 0.10/turn

%: no passive effects
@: berserking, lethally poisoned (-2 -> -6), very slightly contaminated, slowed
A: no striking features
a: no special abilities


You were on level 2 of the Dungeon.
You visited 1 branch of the dungeon, and saw 2 of its levels.

You collected 49 gold pieces.

Inventory:

Hand Weapons
 a - a +0 dagger
Missiles
 g - 7 poisoned darts
 h - 8 boomerangs
Armour
 c - a +0 buckler (worn)
 d - a +0 robe (worn)
 i - a scarf of shadows (worn)
Jewellery
 s - a ring of see invisible (left hand)
Scrolls
 j - a scroll of fog {unknown}
 k - 2 scrolls of identify {unknown}
 l - a scroll of teleportation {unknown}
Potions
 b - a potion of berserk rage
 f - a potion of haste {unknown}
 m - a potion of degeneration {unknown}
 n - a potion of curing {unknown}


   Skills:
 - Level 4.0 Fighting
 - Level 1.0 Shields
 - Level 4.0 Unarmed Combat
 - Level 1.0 Spellcasting
 - Level 3.0 Transmutations
 + Level 2.2 Poison Magic


You had 5 spell levels left.
You knew the following spells:

 Your Spells              Type           Power      Damage    Failure   Level
a - Sting                 Tmut/Pois      36%        1d4       12%         1

Your spell library contained the following spells:

 Spells                   Type           Power      Damage    Failure   Level
 Ignite Poison            Fire/Tmut/Pois 6%         N/A       45%         3


Dungeon Overview and Level Annotations

Branches:
Dungeon (2/15)

Altars:

Annotations:
D:2 Terence


Message History

The kobold throws a stone.
The stone barely misses you.
The bat enters a dispersal trap!
You blink.
The bat blinks!
Casting: Sting (safe; 12% risk of failure)
Confirm with . or Enter, or press ? or * to list all spells.
Aiming: Sting (safe; 12% risk of failure)
Press: ? - help, Shift-Dir - straight line, f - kobold
Aim: a kobold, wielding a +0 whip and quivering stones (60% to hit)
You miscast Sting.
You are very lightly contaminated with residual magic.
Nothing appears to happen.
The kobold hits you but does no damage. The bat barely misses you.
The kobold hits you with a +0 whip.
* * * LOW HITPOINT WARNING * * *
Okay, then.
Okay, then.
Casting: Sting (safe; 12% risk of failure)
Confirm with . or Enter, or press ? or * to list all spells.
Aiming: Sting (safe; 12% risk of failure)
Press: ? - help, Shift-Dir - straight line, f/p - kobold
Aim: a kobold, wielding a +0 whip and quivering stones (60% to hit)
Okay, then.
A red film seems to cover your vision as you go berserk!
You feel yourself moving faster!
You feel mighty! The bat closely misses you.
The kobold hits you with a +0 whip.
* * * LOW HITPOINT WARNING * * *
The adder closely misses you. The kobold closely misses you.
You miss the adder. You block the bat's attack.
The adder bites you but does no damage. The kobold barely misses you.
You punch the adder!
The adder is almost dead.
The bat closely misses you. The bat hits you but does no damage.
The adder bites you.
* * * LOW HITPOINT WARNING * * *
You are lethally poisoned!
The adder poisons you! The kobold barely misses you.
You completely miss the adder.
The adder is almost dead.
* * * LOW HITPOINT WARNING * * *
You feel sick. The bat closely misses you.
The adder bites you but does no damage. The kobold hits you with a +0 whip.
You die...

#.....@.......##.#####...)..
#....<...###..##.# #......
#..).....##..###.# ......
..........##.## #.# .....
........^.#..# #.# .....
.#..........## # #....
#.........## #.###########
#........### #.#...#..####
#.......KS@#####.....#.#.#.#
..#####..bK..........#...#..
........#####.##.....#.#...#
######.####..##.........#..
#.##...####....#.#...#
###.##.#######.h.#...#..
##..SK.......####K#.#.#.#
#.............# #.#..####
#.............†.##.#####


You could see an adder, a bat and 2 kobolds.

Vanquished Creatures
  Natasha (twice) (D:2)
  2 adders (D:2)
  2 dart slugs (D:1)
  5 ball pythons
  4 endoplasms (D:1)
  5 giant cockroaches
  5 goblins (D:1)
  6 hobgoblins
  A quokka (D:2)
  4 bats
  4 frilled lizards
  3 kobolds
  5 rats
48 creatures vanquished.

Notes
Turn   | Place    | Note
-------+----------+-------------------------------------------
     0 | D:1      | wingedge the Human Wanderer began the quest for the Orb.
     0 | D:1      | wingedge set off with the following items: a +0 dagger, 2
                  | potions of berserk rage, a +0 buckler, a +0 robe, a scroll
                  | of blinking; and the following spell memorised: Sting; and
                  | the following spells available to memorise: Ignite Poison.
     0 | D:1      | Reached XP level 1. HP: 15/15 MP: 2/2
   277 | D:1      | Reached XP level 2. HP: 19/22 MP: 0/3
   631 | D:1      | Reached XP level 3. HP: 28/28 MP: 0/4
  1047 | D:1      | Found a faded altar of an unknown god.
  1694 | D:2      | Reached XP level 4. HP: 31/36 MP: 0/5
  1820 | D:2      | Noticed Terence
  1972 | D:2      | Noticed Natasha
  1981 | D:2      | Killed Natasha
  2066 | D:2      | Reached skill level 1 in Poison Magic
  2234 | D:2      | Noticed Natasha
  2237 | D:2      | Reached XP level 5. HP: 42/42 MP: 4/6
  2249 | D:2      | HP: 2/42 [Natasha (6)]
  2253 | D:2      | Killed Natasha
  2264 | D:2      | HP: 2/63 [poisoned by an adder]
  2264 | D:2      | Slain by a kobold

Illustrated notes

Levels and vault maps discovered:
D:1:      evilmike_arrival_crescent, layout_basic, basic_ecumenical_altar,
          kennysheep_minor_cross, amcnicky_mini_corridor_feature
D:2:      minmay_spotlight, layout_rooms, moated_statue, uniq_natasha,
          uniq_terence

Skill      XL: |  1  2  3  4  5 |
---------------+----------------+-----
Fighting       | 2 3 4 |  4.0
Poison Magic   | 1 2 |  2.2
Shields        | |  1.0
Unarmed Combat | |  4.0
Spellcasting   | |  1.0
Transmutations | |  3.0

Action                     |  1- 3 |  4- 6 || total
---------------------------+-------+-------++-------
  Melee: Unarmed           |    36 |    10 ||    46
         Dagger            |     3 |       ||     3
  Throw: Dart              |       |     1 ||     1
   Cast: Sting             |    56 |    25 ||    81
    Use: Scroll            |       |     2 ||     2
         Potion            |       |     1 ||     1
 Armour: Robe              |    33 |    26 ||    59
  Dodge: Dodged            |    25 |    17 ||    42
  Block: Buckler           |    10 |     6 ||    16

Table legend: (Time is in decaauts)
 A = Elapsed time spent in this place.
 B = Non-inter-level travel time spent in this place.
 C = Inter-level travel time spent in this place.
 D = Time resting spent in this place.
 E = Time spent auto-exploring this place.
 F = Levels seen in this place.
 G = Mean time per level.
                   A        B        C        D        E       F      G
               +--------+--------+--------+--------+--------+-----+--------+
         Total |   2270 |   2162 |    108 |    568 |   1017 |   2 | 1135.0 |
       Dungeon |   2270 |   2162 |    108 |    568 |   1017 |   2 | 1135.0 |
               +--------+--------+--------+--------+--------+-----+--------+

Top non-repeatable levels by time:
     D:1: 1694 daAuts
     D:2: 576 daAuts
